Saguenéens vs Rafales
Created - 3 avril 2017 at 19:39
Goals
|
Saguenéens |
2 |
2 |
0 |
4 |
Rafales |
1 |
1 |
0 |
2 |
|
Shots
|
Saguenéens |
10 |
16 |
5 |
31 |
Rafales |
8 |
14 |
9 |
31 |
|
1st period
1. Saguenéens , Brian Sutherby 12 (Tyler Kennedy, Juraj Mikus) at 4:31
2. Rafales , Jeff Skinner 14 (Cody McLeod, Julian Melchiori) at 12:34
3. Saguenéens , Mason Raymond 40 (Tyler Kennedy, Brian Sutherby) at 13:57 (PP)
Penalties :
Julian Melchiori (Stf) for Holding (Minor) at 4:34, Marc-André Gragnani (Stf) for Roughing (Minor) at 10:19, Cody McLeod (Stf) for Boarding (Minor) at 13:49
2nd period
4. Saguenéens , Spencer Machacek 28 (Artemi Panarin, Erik Haula) at 4:45
5. Rafales , Jonathan Rheault 20 (Willie Mitchell) at 5:43
6. Saguenéens , Rhett Rakhshani 13 (Carl Hagelin, Brett Lebda) at 19:50
Penalties :
Artemi Panarin (Chi) for Slashing (Minor) at 14:00
3rd period
No Goal
Penalties :
Tyler Pitlick (Chi) for Holding (Minor) at 4:13
Goalie Stats
Martin Jones (Chi), 29 saves from 31 shots - (0,935), W, 4-3-0, 60:00 minutes
John Gibson (Stf), 27 saves from 31 shots - (0,871), L, 26-18-6, 60:00 minutes
Players Stats for Saguenéens
Player Name G A P +/- PIM S H SB GA TA FO MP PP MP PK MP
------------------------------------------------------------------------------------
Artemi Panarin 0 1 1 1 2 3 2 1 0 0 2/2 17:45 1:46 1:03
Brendan Ranford 0 0 0 0 0 0 0 0 0 0 0/0 0:00 0:00 0:00
Brett Lebda 0 1 1 0 0 1 4 2 0 2 0/0 25:32 2:21 1:59
Brian Sutherby 1 1 2 1 0 3 1 0 1 0 18/34 21:29 2:12 1:54
Carl Hagelin 0 1 1 0 0 2 2 0 0 0 0/0 7:35 0:00 0:00
Craig Cunningham 0 0 0 0 0 0 1 0 0 0 1/1 2:02 0:16 0:42
Dalton Prout 0 0 0 1 0 1 1 0 0 0 0/0 22:31 1:45 1:59
Erik Haula 0 1 1 1 0 2 1 1 0 0 4/9 16:36 1:46 0:00
Jerry D'Amigo 0 0 0 0 0 0 0 0 0 0 0/0 0:00 0:00 0:00
Juraj Mikus 0 1 1 -1 0 3 1 0 1 0 1/6 11:32 0:00 0:00
Justin Florek 0 0 0 0 0 0 0 0 0 0 0/0 0:26 0:08 0:00
Kevin Marshall 0 0 0 -1 0 0 0 2 0 0 0/0 23:26 2:21 1:59
Luke Witkowski 0 0 0 1 0 0 0 0 0 0 0/0 20:35 1:45 1:59
Mason Raymond 1 0 1 1 0 5 3 1 0 0 0/1 20:23 2:12 0:48
Nick Mattson 0 0 0 0 0 0 2 0 0 1 0/0 11:46 0:00 0:00
Rhett Rakhshani 1 0 1 0 0 2 1 0 0 0 0/0 7:35 0:00 0:00
Rickard Rakell 0 0 0 0 0 0 0 0 0 0 1/2 8:06 0:00 0:35
Roman Josi 0 0 0 0 0 0 0 2 0 0 0/0 11:46 0:00 0:00
Sam Carrick 0 0 0 0 0 0 0 0 0 0 0/0 0:00 0:00 0:00
Spencer Machacek 1 0 1 1 0 1 2 2 0 0 0/1 16:36 1:46 0:00
Teemu Pulkkinen 0 0 0 0 0 0 0 0 0 0 0/0 1:01 0:00 1:01
Tim Kennedy 0 0 0 -1 0 2 1 0 1 0 0/0 11:32 0:00 0:00
Trevor Van Riemsdyk 0 0 0 1 0 0 0 0 0 0 0/0 4:24 0:00 0:00
Tyler Kennedy 0 2 2 1 0 6 3 0 1 0 3/4 21:17 2:04 1:53
Tyler Pitlick 0 0 0 -1 2 0 1 0 0 1 0/1 12:05 0:08 0:00
Players Stats for Rafales
Player Name G A P +/- PIM S H SB GA TA FO MP PP MP PK MP
------------------------------------------------------------------------------------
Cody McLeod 0 1 1 1 2 4 4 0 3 0 2/3 21:02 1:58 1:51
Connor Murphy 0 0 0 -1 0 0 0 1 0 0 0/0 14:19 0:03 1:14
Dan Fritsche 0 0 0 -3 0 1 1 0 0 0 4/5 13:00 0:03 1:23
Jeff Skinner 1 0 1 1 0 3 2 0 0 0 0/0 19:06 1:49 1:42
Johan Ryno 0 0 0 1 0 1 1 0 0 0 0/3 17:27 0:11 0:00
Jonas Junland 0 0 0 -1 0 0 0 1 0 0 0/0 14:56 1:52 0:07
Jonathan Rheault 1 0 1 1 0 2 0 0 0 0 0/0 8:31 0:00 0:00
Julian Melchiori 0 1 1 0 2 2 0 1 0 1 0/0 25:39 2:03 1:30
Kevin Veilleux 0 0 0 1 0 0 1 0 0 1 1/3 8:31 0:00 0:00
Marc-André Gragnani 0 0 0 0 2 1 0 2 1 1 0/0 19:59 1:52 1:22
Mark Fayne 0 0 0 0 0 1 0 1 0 0 0/0 26:03 2:03 1:37
Michael Bournival 0 0 0 1 0 0 0 1 0 0 0/1 10:58 1:49 1:04
Mike Sislo 0 0 0 -3 0 2 2 0 0 1 0/0 11:42 0:11 0:03
Mike Zigomanis 0 0 0 0 0 0 1 0 0 0 16/32 20:54 2:06 2:09
Milan Bartovic 0 0 0 0 0 2 2 0 0 0 0/0 15:01 0:00 0:00
Nathan Davis 0 0 0 0 0 6 3 0 0 0 8/14 16:37 1:49 0:00
Tim Crowder 0 0 0 -3 0 2 1 0 0 0 0/0 12:41 1:58 0:00
Willie Mitchell 0 1 1 0 0 4 1 1 0 0 0/0 19:25 0:03 2:22
3 Stars
1 - Brian Sutherby (Chi)
2 - Mason Raymond (Chi)
3 - Tyler Kennedy (Chi)
Power Play
Saguenéens - 1 on 3 Attempt(s) - 33,33%
Rafales - 0 on 2 Attempt(s) - 0,00%
Penalty Kill
Saguenéens - 2 on 2 Attempt(s) - 100,00%
- Score 0 goal in Penalty Kill
Rafales - 2 on 3 Attempt(s) - 66,67%
- Score 0 goal in Penalty Kill
Team Stat
Saguenéens - Hits : 26 - Faceoff Wins : 30 - Blocked Shots : 11 - Penalty Minutes : 4
Rafales - Hits : 19 - Faceoff Wins : 31 - Blocked Shots : 8 - Penalty Minutes : 6
Official
Referees : L'Ecuyer Frederick and Hebert Ghislain
Linesman : Mark Wheler and Jonny Murray
Game Notes
No Game Note
Finance
Level 1 -- Attendance: 1612 (80,60%) -- Ticket Income 56 420 $
Level 2 -- Attendance: 733 (73,30%) -- Ticket Income 10 995 $
Total Attendance: 2345 (78,17%)
Total Ticket Income: 67 415 $
Other Income: 3 371 $
Total Income: 70 786 $
Saguenéens
5 vs 5 Forward
Center Left Wing Right Wing Time % Phy DF OF
1 Brian Sutherby Mason Raymond Tyler Kennedy 40 1 2 2
2 Erik Haula Artemi Panarin Spencer Machacek 30 1 2 2
3 Juraj Mikus Tim Kennedy Tyler Pitlick 20 1 2 2
4 Rickard Rakell Carl Hagelin Rhett Rakhshani 10 1 2 2
5 vs 5 Defense
Defense Defense Time % Phy DF OF
1 Brett Lebda Kevin Marshall 40 1 2 2
2 Dalton Prout Luke Witkowski 30 1 2 2
3 Roman Josi Nick Mattson 20 1 2 2
4 Trevor Van Riemsdyk Brett Lebda 10 1 2 2
PowerPlay Forward
Center Left Wing Right Wing Time % Phy DF OF
1 Brian Sutherby Mason Raymond Tyler Kennedy 60 1 2 2
2 Erik Haula Artemi Panarin Spencer Machacek 40 1 2 2
PowerPlay Defense
Defense Defense Time % Phy DF OF
1 Brett Lebda Kevin Marshall 60 1 2 2
2 Dalton Prout Luke Witkowski 40 1 2 2
Penalty Kill 4 Players Forward
Center Wing Time % Phy DF OF
1 Tyler Kennedy Brian Sutherby 60 1 2 2
2 Mason Raymond Artemi Panarin 40 1 2 2
Penalty Kill 4 Players Defense
Defense Defense Time % Phy DF OF
1 Brett Lebda Kevin Marshall 60 1 2 2
2 Dalton Prout Luke Witkowski 40 1 2 2
Penalty Kill - 3 Players Forward
Forward Time % Phy DF OF
1 Tyler Kennedy 60 1 2 2
2 Brian Sutherby 40 1 2 2
Penalty Kill - 3 Players Defense
Defense Defense Time % Phy DF OF
1 Brett Lebda Kevin Marshall 60 1 2 2
2 Dalton Prout Luke Witkowski 40 1 2 2
4 vs 4 Forward
Center Wing Time % Phy DF OF
1 Tyler Kennedy Brian Sutherby 60 1 2 2
2 Mason Raymond Artemi Panarin 40 1 2 2
4 vs 4 Defense
Defense Defense Time % Phy DF OF
1 Brett Lebda Kevin Marshall 60 1 2 2
2 Dalton Prout Luke Witkowski 40 1 2 2
Last Minutes Offensive
Center Left Wing Right Wing Defense Defense
Brian Sutherby Mason Raymond Tyler Kennedy Brett Lebda Kevin Marshall
Last Minutes Defensive
Center Left Wing Right Wing Defense Defense
Brian Sutherby Mason Raymond Tyler Kennedy Brett Lebda Kevin Marshall
Goaltenders
Starting : Martin Jones
Backup : Mike Smith
Extra Forwards
Normal : Craig Cunningham, Justin Florek, Teemu Pulkkinen - PP : Craig Cunningham, Justin Florek - PK : Teemu Pulkkinen
Extra Defensemen
Normal : Roman Josi, Nick Mattson, Trevor Van Riemsdyk - PP : Roman Josi - PK : Nick Mattson, Trevor Van Riemsdyk
Penalty Shots
Tyler Kennedy, Brian Sutherby, Mason Raymond, Artemi Panarin, Spencer Machacek
Rafales
5 vs 5 Forward
Center Left Wing Right Wing Time % Phy DF OF
1 Mike Zigomanis Cody McLeod Johan Ryno 40 0 3 2
2 Nathan Davis Jeff Skinner Milan Bartovic 30 0 3 2
3 Dan Fritsche Mike Sislo Tim Crowder 20 0 3 2
4 Kevin Veilleux Michael Bournival Jonathan Rheault 10 0 3 2
5 vs 5 Defense
Defense Defense Time % Phy DF OF
1 Julian Melchiori Mark Fayne 40 0 4 1
2 Marc-André Gragnani Willie Mitchell 30 0 4 1
3 Connor Murphy Jonas Junland 20 0 4 1
4 Mark Fayne Julian Melchiori 10 0 4 1
PowerPlay Forward
Center Left Wing Right Wing Time % Phy DF OF
1 Mike Zigomanis Cody McLeod Tim Crowder 60 0 0 5
2 Nathan Davis Jeff Skinner Michael Bournival 40 0 0 5
PowerPlay Defense
Defense Defense Time % Phy DF OF
1 Julian Melchiori Mark Fayne 60 0 1 4
2 Marc-André Gragnani Jonas Junland 40 0 1 4
Penalty Kill 4 Players Forward
Center Wing Time % Phy DF OF
1 Cody McLeod Mike Zigomanis 60 0 5 0
2 Dan Fritsche Jeff Skinner 40 0 5 0
Penalty Kill 4 Players Defense
Defense Defense Time % Phy DF OF
1 Julian Melchiori Willie Mitchell 60 0 5 0
2 Marc-André Gragnani Mark Fayne 40 0 5 0
Penalty Kill - 3 Players Forward
Forward Time % Phy DF OF
1 Cody McLeod 60 0 5 0
2 Mike Zigomanis 40 0 5 0
Penalty Kill - 3 Players Defense
Defense Defense Time % Phy DF OF
1 Julian Melchiori Willie Mitchell 60 0 5 0
2 Marc-André Gragnani Mark Fayne 40 0 5 0
4 vs 4 Forward
Center Wing Time % Phy DF OF
1 Cody McLeod Mike Zigomanis 60 0 1 4
2 Nathan Davis Jeff Skinner 40 0 1 4
4 vs 4 Defense
Defense Defense Time % Phy DF OF
1 Julian Melchiori Mark Fayne 60 0 3 2
2 Marc-André Gragnani Jonas Junland 40 0 3 2
Last Minutes Offensive
Center Left Wing Right Wing Defense Defense
Mike Zigomanis Cody McLeod Jeff Skinner Connor Murphy Mark Fayne
Last Minutes Defensive
Center Left Wing Right Wing Defense Defense
Mike Zigomanis Cody McLeod Michael Bournival Jonas Junland Willie Mitchell
Goaltenders
Starting : John Gibson
Backup : Philipp Grubauer
Extra Forwards
Normal : Cody McLeod, Mike Zigomanis, Jeff Skinner - PP : Cody McLeod, Mike Zigomanis - PK : Michael Bournival
Extra Defensemen
Normal : Mark Fayne, Willie Mitchell, Julian Melchiori - PP : Mark Fayne - PK : Willie Mitchell, Julian Melchiori
Penalty Shots
Cody McLeod, Mike Zigomanis, Tim Crowder, Jeff Skinner, Nathan Davis
% Time on Ice - Saguenéens
Lines # - Real PCT - Wanted PCT - Time Play
Normal Forward
1 - 35% - 40% - 17:59
2 - 29% - 30% - 14:50
3 - 22% - 20% - 11:32
4 - 15% - 10% - 7:35
Normal Defense
1 - 37% - 40% - 19:06
2 - 32% - 30% - 16:51
3 - 23% - 20% - 11:46
4 - 8% - 10% - 4:13
PP Forward
1 - 57% - 60% - 2:20
2 - 43% - 40% - 1:46
PP Defense
1 - 57% - 60% - 2:21
2 - 43% - 40% - 1:45
PK Forward
1 - 80% - 60% - 3:10
2 - 20% - 40% - 0:48
PK Defense
1 - 50% - 60% - 1:59
2 - 50% - 40% - 1:59
PK3 Forward
1 - 0% - 60%
2 - 0% - 40%
PK3 Defense
1 - 0% - 60%
2 - 0% - 40%
44 Forward
1 - 0% - 60%
2 - 0% - 40%
44 Defense
1 - 0% - 60%
2 - 0% - 40%
Last Minute Offensive - 0:00
Last Minute Defensive - 0:00
Total
Forward - 60:00
Defense - 60:00
|
% Time on Ice - Rafales
Lines # - Real PCT - Wanted PCT - Time Play
Normal Forward
1 - 33% - 40% - 17:21
2 - 28% - 30% - 14:48
3 - 22% - 20% - 11:16
4 - 16% - 10% - 8:31
Normal Defense
1 - 39% - 40% - 20:17
2 - 32% - 30% - 16:37
3 - 23% - 20% - 12:09
4 - 6% - 10% - 2:53
PP Forward
1 - 54% - 60% - 2:09
2 - 46% - 40% - 1:49
PP Defense
1 - 53% - 60% - 2:06
2 - 47% - 40% - 1:52
PK Forward
1 - 67% - 60% - 2:46
2 - 33% - 40% - 1:20
PK Defense
1 - 61% - 60% - 2:29
2 - 39% - 40% - 1:37
PK3 Forward
1 - 0% - 60%
2 - 0% - 40%
PK3 Defense
1 - 0% - 60%
2 - 0% - 40%
44 Forward
1 - 0% - 60%
2 - 0% - 40%
44 Defense
1 - 0% - 60%
2 - 0% - 40%
Last Minute Offensive - 0:00
Last Minute Defensive - 0:00
Total
Forward - 60:00
Defense - 60:00
|
Play by Play
1st period
0:01 of 1st period - Brian Sutherby wins face-off versus Mike Zigomanis in neutral zone.
0:04 of 1st period - Mark Fayne is hit by Brett Lebda and loses puck.
0:13 of 1st period - Snap shot by Mike Zigomanis.
0:13 of 1st period - Shot Misses the Net.
0:27 of 1st period - Artemi Panarin is hit by Milan Bartovic and loses puck.
0:54 of 1st period - Snap shot by Tim Crowder.
0:54 of 1st period - Stopped by Martin Jones without a rebound.
0:55 of 1st period - Kevin Veilleux wins face-off versus Rickard Rakell in Saguenéens zone.
0:56 of 1st period - Slapshot by Jonathan Rheault.
0:56 of 1st period - Shot Misses the Net.
1:04 of 1st period - Slapshot by Roman Josi.
1:04 of 1st period - Deflect By Carl Hagelin.
1:04 of 1st period - Shot Misses the Net.
1:04 of 1st period - Puck is out of play.
1:05 of 1st period - Rickard Rakell wins face-off versus Kevin Veilleux in Rafales zone.
1:16 of 1st period - Slapshot by Kevin Veilleux.
1:16 of 1st period - Shot Misses the Net.
1:28 of 1st period - Snap shot by Rhett Rakhshani.
1:28 of 1st period - Deflect By Carl Hagelin.
1:28 of 1st period - Shot Blocked by Michael Bournival.
1:28 of 1st period - Puck is out of play.
1:29 of 1st period - Mike Zigomanis wins face-off versus Brian Sutherby in Rafales zone.
1:50 of 1st period - Tyler Kennedy is hit by Cody McLeod and loses puck.
2:05 of 1st period - Slapshot by Artemi Panarin.
2:05 of 1st period - Stopped by John Gibson without a rebound.
2:06 of 1st period - Dan Fritsche wins face-off versus Erik Haula in Rafales zone.
2:15 of 1st period - Wrist shot by Erik Haula.
2:15 of 1st period - Stopped by John Gibson without a rebound.
2:16 of 1st period - Dan Fritsche wins face-off versus Juraj Mikus in Rafales zone.
3:06 of 1st period - Slapshot by Mason Raymond.
3:06 of 1st period - Stopped by John Gibson with a rebound.
3:08 of 1st period - Wrist shot by Nick Mattson.
3:08 of 1st period - Deflect By Tyler Kennedy.
3:08 of 1st period - Shot Misses the Net.
3:08 of 1st period - Puck is out of play.
3:09 of 1st period - Brian Sutherby wins face-off versus Mike Zigomanis in Rafales zone.
3:10 of 1st period - Slapshot by Mason Raymond.
3:10 of 1st period - Stopped by John Gibson without a rebound.
3:11 of 1st period - Brian Sutherby wins face-off versus Mike Zigomanis in Rafales zone.
3:36 of 1st period - Brett Lebda is hit by Nathan Davis and loses puck.
4:31 of 1st period - Wrist shot by Brian Sutherby.
4:31 of 1st period - Goal by Brian Sutherby - Saguenéens : 1 - Rafales : 0.
4:32 of 1st period - Mike Zigomanis wins face-off versus Brian Sutherby in neutral zone.
4:34 of 1st period - Minor Penalty to Julian Melchiori for Holding.
4:35 of 1st period - Cody McLeod wins face-off versus Brian Sutherby in Rafales zone.
5:06 of 1st period - Artemi Panarin is hit by Jeff Skinner and loses puck.
5:24 of 1st period - Tyler Kennedy is hit by Cody McLeod and loses puck.
6:34 of 1st period - Penalty to Julian Melchiori is over, Julian Melchiori is back on ice.
6:49 of 1st period - Wrist shot by Tim Crowder.
6:49 of 1st period - Shot Misses the Net.
7:07 of 1st period - Snap shot by Michael Bournival.
7:07 of 1st period - Shot Misses the Net.
7:13 of 1st period - Jonas Junland is hit by Nick Mattson and loses puck.
7:28 of 1st period - Jeff Skinner is hit by Nick Mattson and loses puck.
8:25 of 1st period - Roman Josi is hit by Cody McLeod.
9:24 of 1st period - Snap shot by Tim Kennedy.
9:24 of 1st period - Shot Blocked by Jonas Junland.
10:08 of 1st period - Tim Kennedy is hit by Tim Crowder and loses puck.
10:19 of 1st period - Minor Penalty to Marc-André Gragnani for Roughing.
10:20 of 1st period - Cody McLeod wins face-off versus Brian Sutherby in Rafales zone.
10:47 of 1st period - Erik Haula is hit by Willie Mitchell and loses puck.
11:40 of 1st period - Michael Bournival is hit by Erik Haula and loses puck.
11:55 of 1st period - Mark Fayne is hit by Mason Raymond.
12:19 of 1st period - Penalty to Marc-André Gragnani is over, Marc-André Gragnani is back on ice.
12:23 of 1st period - Cody McLeod is hit by Tyler Pitlick and loses puck.
12:32 of 1st period - Wrist shot by Cody McLeod.
12:32 of 1st period - Stopped by Martin Jones with a rebound.
12:34 of 1st period - Wrist shot by Jeff Skinner.
12:34 of 1st period - Goal by Jeff Skinner - Saguenéens : 1 - Rafales : 1.
12:35 of 1st period - Brian Sutherby wins face-off versus Dan Fritsche in neutral zone.
13:04 of 1st period - Slapshot by Willie Mitchell.
13:04 of 1st period - Stopped by Martin Jones without a rebound.
13:05 of 1st period - Nathan Davis wins face-off versus Erik Haula in Saguenéens zone.
13:36 of 1st period - Slapshot by Tyler Kennedy.
13:36 of 1st period - Stopped by John Gibson without a rebound.
13:37 of 1st period - Brian Sutherby wins face-off versus Mike Zigomanis in Rafales zone.
13:49 of 1st period - Minor Penalty to Cody McLeod for Boarding.
13:50 of 1st period - Brian Sutherby wins face-off versus Michael Bournival in Rafales zone.
13:53 of 1st period - Wrist shot by Tyler Kennedy.
13:53 of 1st period - Shot Misses the Net.
13:55 of 1st period - Wrist shot by Mason Raymond.
13:55 of 1st period - Shot Blocked by Willie Mitchell.
13:57 of 1st period - Wrist shot by Mason Raymond.
13:57 of 1st period - Goal by Mason Raymond - Saguenéens : 2 - Rafales : 1.
13:58 of 1st period - Brian Sutherby wins face-off versus Mike Zigomanis in neutral zone.
14:01 of 1st period - Snap shot by Tyler Kennedy.
14:01 of 1st period - Shot Misses the Net.
14:07 of 1st period - Brian Sutherby is hit by Mike Zigomanis and loses puck.
14:19 of 1st period - Icing by Tyler Kennedy.
14:20 of 1st period - Brian Sutherby wins face-off versus Nathan Davis in Saguenéens zone.
14:20 of 1st period - Brian Sutherby is hit by Milan Bartovic.
14:28 of 1st period - Snap shot by Nathan Davis.
14:28 of 1st period - Stopped by Martin Jones with a rebound.
14:30 of 1st period - Slapshot by Willie Mitchell.
14:30 of 1st period - Shot Blocked by Brett Lebda.
14:32 of 1st period - Slapshot by Willie Mitchell.
14:32 of 1st period - Stopped by Martin Jones with a rebound.
14:36 of 1st period - Wrist shot by Nathan Davis.
14:36 of 1st period - Deflect By Jeff Skinner.
14:36 of 1st period - Shot Misses the Net.
14:36 of 1st period - Puck is out of play.
14:37 of 1st period - Artemi Panarin wins face-off versus Mike Zigomanis in Saguenéens zone.
14:44 of 1st period - Snap shot by Artemi Panarin.
14:44 of 1st period - Shot Blocked by Julian Melchiori.
14:52 of 1st period - Slapshot by Julian Melchiori.
14:52 of 1st period - Shot Blocked by Erik Haula.
16:02 of 1st period - Wrist shot by Artemi Panarin.
16:02 of 1st period - Shot Misses the Net.
16:04 of 1st period - Wrist shot by Artemi Panarin.
16:04 of 1st period - Stopped by John Gibson with a rebound.
16:06 of 1st period - Snap shot by Erik Haula.
16:06 of 1st period - Stopped by John Gibson without a rebound.
16:07 of 1st period - Nathan Davis wins face-off versus Erik Haula in Rafales zone.
16:20 of 1st period - Wrist shot by Jeff Skinner.
16:20 of 1st period - Deflect By Artemi Panarin.
16:20 of 1st period - Stopped by Martin Jones without a rebound.
16:21 of 1st period - Brian Sutherby wins face-off versus Mike Zigomanis in Saguenéens zone.
16:28 of 1st period - Snap shot by Mason Raymond.
16:28 of 1st period - Stopped by John Gibson with a rebound.
16:38 of 1st period - Mark Fayne is hit by Mason Raymond and loses puck.
17:17 of 1st period - Wrist shot by Cody McLeod.
17:17 of 1st period - Shot Misses the Net.
17:27 of 1st period - Julian Melchiori is hit by Carl Hagelin and loses puck.
18:27 of 1st period - Off-side.
18:28 of 1st period - Brian Sutherby wins face-off versus Nathan Davis in neutral zone.
18:53 of 1st period - Willie Mitchell is hit by Dalton Prout.
18:59 of 1st period - Wrist shot by Mike Sislo.
18:59 of 1st period - Deflect By Tim Crowder.
18:59 of 1st period - Stopped by Martin Jones with a rebound.
19:51 of 1st period - Icing by Tyler Kennedy.
19:52 of 1st period - Dan Fritsche wins face-off versus Brian Sutherby in Saguenéens zone.
Goals for this period are 2 for Saguenéens vs 1 for Rafales.
Shots for this period are 10 for Saguenéens vs 8 for Rafales.
2nd period
0:01 of 2nd period - Brian Sutherby wins face-off versus Mike Zigomanis in neutral zone.
0:34 of 2nd period - Slapshot by Milan Bartovic.
0:34 of 2nd period - Stopped by Martin Jones without a rebound.
0:35 of 2nd period - Erik Haula wins face-off versus Nathan Davis in Saguenéens zone.
0:43 of 2nd period - Off-side.
0:44 of 2nd period - Artemi Panarin wins face-off versus Cody McLeod in neutral zone.
1:34 of 2nd period - Wrist shot by Julian Melchiori.
1:34 of 2nd period - Shot Blocked by Brett Lebda.
2:30 of 2nd period - Nathan Davis is hit by Tyler Kennedy and loses puck.
2:55 of 2nd period - Slapshot by Juraj Mikus.
2:55 of 2nd period - Stopped by John Gibson with a rebound.
2:57 of 2nd period - Backhand shot by Tim Kennedy.
2:57 of 2nd period - Stopped by John Gibson without a rebound.
2:58 of 2nd period - Mike Zigomanis wins face-off versus Brian Sutherby in Rafales zone.
3:50 of 2nd period - Backhand shot by Willie Mitchell.
3:50 of 2nd period - Stopped by Martin Jones without a rebound.
3:51 of 2nd period - Mike Zigomanis wins face-off versus Juraj Mikus in Saguenéens zone.
4:00 of 2nd period - Johan Ryno is hit by Brett Lebda and loses puck.
4:05 of 2nd period - Snap shot by Juraj Mikus.
4:05 of 2nd period - Stopped by John Gibson with a rebound.
4:21 of 2nd period - Snap shot by Mike Zigomanis.
4:21 of 2nd period - Shot Misses the Net.
4:23 of 2nd period - Slapshot by Mark Fayne.
4:23 of 2nd period - Shot Blocked by Kevin Marshall.
4:25 of 2nd period - Wrist shot by Nathan Davis.
4:25 of 2nd period - Stopped by Martin Jones with a rebound.
4:27 of 2nd period - Snap shot by Nathan Davis.
4:27 of 2nd period - Stopped by Martin Jones with a rebound.
4:29 of 2nd period - Slapshot by Nathan Davis.
4:29 of 2nd period - Stopped by Martin Jones without a rebound.
4:30 of 2nd period - Dan Fritsche wins face-off versus Spencer Machacek in Saguenéens zone.
4:43 of 2nd period - Backhand shot by Spencer Machacek.
4:43 of 2nd period - Shot Misses the Net.
4:45 of 2nd period - Wrist shot by Spencer Machacek.
4:45 of 2nd period - Goal by Spencer Machacek - Saguenéens : 3 - Rafales : 1.
4:46 of 2nd period - Mike Zigomanis wins face-off versus Brian Sutherby in neutral zone.
5:12 of 2nd period - Milan Bartovic is hit by Spencer Machacek and loses puck.
5:43 of 2nd period - Snap shot by Jonathan Rheault.
5:43 of 2nd period - Goal by Jonathan Rheault - Saguenéens : 3 - Rafales : 2.
5:44 of 2nd period - Brian Sutherby wins face-off versus Johan Ryno in neutral zone.
5:49 of 2nd period - Wrist shot by Brian Sutherby.
5:49 of 2nd period - Stopped by John Gibson without a rebound.
5:50 of 2nd period - Mike Zigomanis wins face-off versus Mason Raymond in Rafales zone.
5:59 of 2nd period - Slapshot by Brian Sutherby.
5:59 of 2nd period - Shot Misses the Net.
6:01 of 2nd period - Slapshot by Tyler Kennedy.
6:01 of 2nd period - Shot Misses the Net.
6:03 of 2nd period - Slapshot by Tyler Kennedy.
6:03 of 2nd period - Stopped by John Gibson without a rebound.
6:04 of 2nd period - Erik Haula wins face-off versus Mike Zigomanis in Rafales zone.
6:15 of 2nd period - Snap shot by Artemi Panarin.
6:15 of 2nd period - Stopped by John Gibson without a rebound.
6:16 of 2nd period - Mike Zigomanis wins face-off versus Brian Sutherby in Rafales zone.
6:21 of 2nd period - Mason Raymond is hit by Johan Ryno and loses puck.
6:42 of 2nd period - Artemi Panarin is hit by Nathan Davis and loses puck.
6:47 of 2nd period - Snap shot by Milan Bartovic.
6:47 of 2nd period - Stopped by Martin Jones with a rebound.
6:49 of 2nd period - Wrist shot by Nathan Davis.
6:49 of 2nd period - Stopped by Martin Jones without a rebound.
6:50 of 2nd period - Erik Haula wins face-off versus Nathan Davis in Saguenéens zone.
7:03 of 2nd period - Wrist shot by Milan Bartovic.
7:03 of 2nd period - Shot Blocked by Artemi Panarin.
7:05 of 2nd period - Wrist shot by Nathan Davis.
7:05 of 2nd period - Deflect By Jeff Skinner.
7:05 of 2nd period - Stopped by Martin Jones with a rebound.
7:17 of 2nd period - Marc-André Gragnani is hit by Mason Raymond and loses puck.
7:26 of 2nd period - Slapshot by Tyler Kennedy.
7:26 of 2nd period - Stopped by John Gibson with a rebound.
7:42 of 2nd period - Cody McLeod is hit by Carl Hagelin and loses puck.
8:03 of 2nd period - Milan Bartovic is hit by Brett Lebda and loses puck.
8:10 of 2nd period - Slapshot by Brett Lebda.
8:10 of 2nd period - Stopped by John Gibson without a rebound.
8:11 of 2nd period - Nathan Davis wins face-off versus Tyler Kennedy in Rafales zone.
9:36 of 2nd period - Tyler Kennedy is hit by Dan Fritsche and loses puck.
9:43 of 2nd period - Snap shot by Mike Sislo.
9:43 of 2nd period - Shot Misses the Net.
9:55 of 2nd period - Brett Lebda is hit by Kevin Veilleux.
10:24 of 2nd period - Wrist shot by Juraj Mikus.
10:24 of 2nd period - Deflect By Jonas Junland.
10:24 of 2nd period - Stopped by John Gibson with a rebound.
10:43 of 2nd period - Snap shot by Carl Hagelin.
10:43 of 2nd period - Stopped by John Gibson without a rebound.
10:44 of 2nd period - Brian Sutherby wins face-off versus Mike Zigomanis in Rafales zone.
10:47 of 2nd period - Wrist shot by Brian Sutherby.
10:47 of 2nd period - Stopped by John Gibson with a rebound.
11:34 of 2nd period - Mike Sislo is hit by Brett Lebda and loses puck.
11:57 of 2nd period - Snap shot by Cody McLeod.
11:57 of 2nd period - Stopped by Martin Jones with a rebound.
12:00 of 2nd period - Icing by Nick Mattson.
12:01 of 2nd period - Nathan Davis wins face-off versus Juraj Mikus in Saguenéens zone.
12:02 of 2nd period - Wrist shot by Milan Bartovic.
12:02 of 2nd period - Shot Blocked by Roman Josi.
12:04 of 2nd period - Wrist shot by Julian Melchiori.
12:04 of 2nd period - Shot Blocked by Roman Josi.
12:06 of 2nd period - Slapshot by Julian Melchiori.
12:06 of 2nd period - Stopped by Martin Jones with a rebound.
12:08 of 2nd period - Slapshot by Julian Melchiori.
12:08 of 2nd period - Stopped by Martin Jones without a rebound.
12:09 of 2nd period - Nathan Davis wins face-off versus Brian Sutherby in Saguenéens zone.
12:20 of 2nd period - Snap shot by Tyler Kennedy.
12:20 of 2nd period - Stopped by John Gibson without a rebound.
12:21 of 2nd period - Tyler Kennedy wins face-off versus Mike Zigomanis in Rafales zone.
12:46 of 2nd period - Cody McLeod is hit by Tim Kennedy and loses puck.
12:51 of 2nd period - Snap shot by Tim Kennedy.
12:51 of 2nd period - Stopped by John Gibson without a rebound.
12:52 of 2nd period - Nathan Davis wins face-off versus Tyler Pitlick in Rafales zone.
13:11 of 2nd period - Wrist shot by Tim Kennedy.
13:11 of 2nd period - Shot Blocked by Marc-André Gragnani.
13:13 of 2nd period - Wrist shot by Juraj Mikus.
13:13 of 2nd period - Deflect By Tyler Pitlick.
13:13 of 2nd period - Shot Blocked by Marc-André Gragnani.
13:13 of 2nd period - Puck is out of play.
13:14 of 2nd period - Mike Zigomanis wins face-off versus Brian Sutherby in Rafales zone.
14:00 of 2nd period - Minor Penalty to Artemi Panarin for Slashing.
14:01 of 2nd period - Tyler Kennedy wins face-off versus Mike Zigomanis in Saguenéens zone.
14:26 of 2nd period - Dalton Prout is hit by Jeff Skinner and loses puck.
14:37 of 2nd period - Snap shot by Jeff Skinner.
14:37 of 2nd period - Shot Misses the Net.
15:47 of 2nd period - Mark Fayne is hit by Craig Cunningham.
16:00 of 2nd period - Penalty to Artemi Panarin is over, Artemi Panarin is back on ice.
16:07 of 2nd period - Roman Josi is hit by Mike Sislo and loses puck.
16:12 of 2nd period - Snap shot by Mike Sislo.
16:12 of 2nd period - Stopped by Martin Jones with a rebound.
17:28 of 2nd period - Wrist shot by Rhett Rakhshani.
17:28 of 2nd period - Shot Hit the Post.
17:30 of 2nd period - Snap shot by Kevin Marshall.
17:30 of 2nd period - Shot Misses the Net.
17:32 of 2nd period - Wrist shot by Carl Hagelin.
17:32 of 2nd period - Shot Misses the Net.
18:37 of 2nd period - Dan Fritsche is hit by Rhett Rakhshani and loses puck.
18:44 of 2nd period - Snap shot by Rhett Rakhshani.
18:44 of 2nd period - Stopped by John Gibson without a rebound.
18:45 of 2nd period - Nathan Davis wins face-off versus Brian Sutherby in Rafales zone.
19:08 of 2nd period - Wrist shot by Juraj Mikus.
19:08 of 2nd period - Shot Misses the Net.
19:36 of 2nd period - Snap shot by Jonathan Rheault.
19:36 of 2nd period - Stopped by Martin Jones with a rebound.
19:50 of 2nd period - Slapshot by Rhett Rakhshani.
19:50 of 2nd period - Goal by Rhett Rakhshani - Saguenéens : 4 - Rafales : 2.
19:51 of 2nd period - Mike Zigomanis wins face-off versus Brian Sutherby in neutral zone.
19:58 of 2nd period - Icing by Johan Ryno.
19:59 of 2nd period - Mike Zigomanis wins face-off versus Brian Sutherby in Rafales zone.
19:59 of 2nd period - Mike Zigomanis is hit by Tyler Kennedy.
Goals for this period are 2 for Saguenéens vs 1 for Rafales.
Shots for this period are 16 for Saguenéens vs 14 for Rafales.
3rd period
0:01 of 3rd period - Mike Zigomanis wins face-off versus Brian Sutherby in neutral zone.
0:46 of 3rd period - Wrist shot by Rhett Rakhshani.
0:46 of 3rd period - Shot Blocked by Mark Fayne.
1:09 of 3rd period - Wrist shot by Nathan Davis.
1:09 of 3rd period - Stopped by Martin Jones with a rebound.
1:24 of 3rd period - Snap shot by Carl Hagelin.
1:24 of 3rd period - Stopped by John Gibson without a rebound.
1:25 of 3rd period - Brian Sutherby wins face-off versus Mike Zigomanis in Rafales zone.
2:00 of 3rd period - Off-side.
2:01 of 3rd period - Brian Sutherby wins face-off versus Mike Zigomanis in neutral zone.
3:00 of 3rd period - Slapshot by Marc-André Gragnani.
3:00 of 3rd period - Shot Misses the Net.
3:02 of 3rd period - Slapshot by Willie Mitchell.
3:02 of 3rd period - Stopped by Martin Jones with a rebound.
3:04 of 3rd period - Slapshot by Willie Mitchell.
3:04 of 3rd period - Shot Misses the Net.
3:06 of 3rd period - Slapshot by Willie Mitchell.
3:06 of 3rd period - Shot Blocked by Spencer Machacek.
4:13 of 3rd period - Minor Penalty to Tyler Pitlick for Holding.
4:14 of 3rd period - Tyler Kennedy wins face-off versus Mike Zigomanis in Saguenéens zone.
4:56 of 3rd period - Dalton Prout is hit by Nathan Davis and loses puck.
5:43 of 3rd period - Michael Bournival is hit by Brian Sutherby and loses puck.
6:08 of 3rd period - Brett Lebda is hit by Mike Sislo and loses puck.
6:13 of 3rd period - Penalty to Tyler Pitlick is over, Tyler Pitlick is back on ice.
7:02 of 3rd period - Slapshot by Dalton Prout.
7:02 of 3rd period - Deflect By Mike Zigomanis.
7:02 of 3rd period - Stopped by John Gibson with a rebound.
7:28 of 3rd period - Snap shot by Dalton Prout.
7:28 of 3rd period - Shot Misses the Net.
8:52 of 3rd period - Johan Ryno is hit by Tyler Kennedy.
9:53 of 3rd period - Mike Sislo is hit by Artemi Panarin and loses puck.
10:18 of 3rd period - Off-side.
10:19 of 3rd period - Mike Zigomanis wins face-off versus Brian Sutherby in neutral zone.
10:22 of 3rd period - Snap shot by Johan Ryno.
10:22 of 3rd period - Shot Blocked by Mason Raymond.
10:24 of 3rd period - Slapshot by Marc-André Gragnani.
10:24 of 3rd period - Stopped by Martin Jones without a rebound.
10:25 of 3rd period - Brian Sutherby wins face-off versus Nathan Davis in Saguenéens zone.
10:54 of 3rd period - Snap shot by Cody McLeod.
10:54 of 3rd period - Stopped by Martin Jones without a rebound.
10:55 of 3rd period - Mike Zigomanis wins face-off versus Erik Haula in Saguenéens zone.
10:58 of 3rd period - Snap shot by Mike Zigomanis.
10:58 of 3rd period - Shot Misses the Net.
11:00 of 3rd period - Snap shot by Cody McLeod.
11:00 of 3rd period - Shot Blocked by Spencer Machacek.
11:02 of 3rd period - Wrist shot by Johan Ryno.
11:02 of 3rd period - Stopped by Martin Jones without a rebound.
11:03 of 3rd period - Brian Sutherby wins face-off versus Johan Ryno in Saguenéens zone.
11:16 of 3rd period - Snap shot by Brian Sutherby.
11:16 of 3rd period - Shot Misses the Net.
11:18 of 3rd period - Slapshot by Luke Witkowski.
11:18 of 3rd period - Shot Misses the Net.
12:05 of 3rd period - Icing by Juraj Mikus.
12:06 of 3rd period - Juraj Mikus wins face-off versus Kevin Veilleux in Saguenéens zone.
12:13 of 3rd period - Slapshot by Tyler Kennedy.
12:13 of 3rd period - Stopped by John Gibson without a rebound.
12:14 of 3rd period - Brian Sutherby wins face-off versus Mike Zigomanis in Rafales zone.
12:23 of 3rd period - Snap shot by Mason Raymond.
12:23 of 3rd period - Stopped by John Gibson with a rebound.
12:25 of 3rd period - Wrist shot by Brian Sutherby.
12:25 of 3rd period - Shot Misses the Net.
12:39 of 3rd period - Wrist shot by Nathan Davis.
12:39 of 3rd period - Shot Misses the Net.
12:41 of 3rd period - Slapshot by Nathan Davis.
12:41 of 3rd period - Deflect By Jeff Skinner.
12:41 of 3rd period - Shot Misses the Net.
12:41 of 3rd period - Puck is out of play.
12:42 of 3rd period - Erik Haula wins face-off versus Nathan Davis in Saguenéens zone.
12:47 of 3rd period - Mark Fayne is hit by Spencer Machacek and loses puck.
13:18 of 3rd period - Snap shot by Spencer Machacek.
13:18 of 3rd period - Shot Misses the Net.
13:24 of 3rd period - Slapshot by Mark Fayne.
13:24 of 3rd period - Stopped by Martin Jones without a rebound.
13:25 of 3rd period - Mike Zigomanis wins face-off versus Brian Sutherby in Saguenéens zone.
14:15 of 3rd period - Snap shot by Tyler Kennedy.
14:15 of 3rd period - Stopped by John Gibson without a rebound.
14:16 of 3rd period - Mike Zigomanis wins face-off versus Erik Haula in Rafales zone.
14:23 of 3rd period - Brett Lebda is hit by Cody McLeod.
14:41 of 3rd period - Jeff Skinner is hit by Juraj Mikus.
16:12 of 3rd period - Off-side.
16:13 of 3rd period - Nathan Davis wins face-off versus Juraj Mikus in neutral zone.
16:16 of 3rd period - Slapshot by Nathan Davis.
16:16 of 3rd period - Shot Misses the Net.
16:42 of 3rd period - Snap shot by Tyler Kennedy.
16:42 of 3rd period - Shot Blocked by Connor Murphy.
17:07 of 3rd period - Wrist shot by Mike Sislo.
17:07 of 3rd period - Stopped by Martin Jones with a rebound.
17:09 of 3rd period - Slapshot by Connor Murphy.
17:09 of 3rd period - Shot Blocked by Kevin Marshall.
17:11 of 3rd period - Backhand shot by Dan Fritsche.
17:11 of 3rd period - Stopped by Martin Jones without a rebound.
17:12 of 3rd period - Mike Zigomanis wins face-off versus Juraj Mikus in Saguenéens zone.
17:19 of 3rd period - Snap shot by Cody McLeod.
17:19 of 3rd period - Stopped by Martin Jones with a rebound.
17:42 of 3rd period - Nathan Davis is hit by Artemi Panarin and loses puck.
19:54 of 3rd period - Icing by Roman Josi.
19:55 of 3rd period - Craig Cunningham wins face-off versus Johan Ryno in Saguenéens zone.
Goals for this period are 0 for Saguenéens vs 0 for Rafales.
Shots for this period are 5 for Saguenéens vs 9 for Rafales.
Back to the Top